 Dungeon Crawl Stone Soup version 0.30-a0-989-g0d87f670db (webtiles) character file.

Game seed: 899501087548923179

249 retardedninja the Chopper (level 6, -1/51 HPs)
             Began as a Naga Fighter on Apr 3, 2023.
             Slain by a gnoll
             ... wielding a +0 club
              (6 damage)
             ... on level 3 of the Dungeon.
             The game lasted 00:03:05 (2506 turns).

retardedninja the Chopper (Naga Fighter)            Turns: 2506, Time: 00:03:05

Health: -1/51      AC:  5    Str: 24    XL:     6   Next: 12%
Magic:  6/6        EV:  7    Int:  7    God:
Gold:   93         SH:  4    Dex: 10    Spells: 5/5 levels left

rFire   . . .      SeeInvis +    a - +0 war axe
rCold   . . .      Faith    .    c - +0 buckler
rNeg    . . .      Spirit   .    b - +0 scale mail
rPois   +          Reflect  .    (no helmet)
rElec   .          Rampage  .    (no cloak)
rCorr   .                        (no gloves)
Will    .....                    (no barding) Stlth
                                 (no amulet)
HPRegen 0.28/turn                (no ring)
MPRegen 0.10/turn                (no ring)

@: very slow
A: AC +2, large, see invisible, deformed body, poison resistance, slowness 2,
spit poison 1, naga tail 1, frail 1, mutation resistance 1, strong 1
a: Spit Poison


You were on level 3 of the Dungeon.
You visited 1 branch of the dungeon, and saw 3 of its levels.

You collected 93 gold pieces.

Inventory:

Hand Weapons
 a - a +0 war axe (weapon)
Missiles
 o - 3 silver javelins
Armour
 b - a +0 scale mail (worn)
 c - a +0 buckler (worn)
Scrolls
 e - 2 scrolls of identify {unknown}
 i - 3 scrolls of teleportation {unknown}
 j - a scroll of enchant weapon {unknown}
 k - a scroll of vulnerability {unknown}
 l - a scroll of amnesia {unknown}
Potions
 f - a potion of flight
 m - a potion of attraction {unknown}
 n - a potion of resistance
 p - a potion of ambrosia {unknown}


   Skills:
 + Level 4.0 Fighting
 * Level 4.1 Axes
 + Level 3.3 Armour
 + Level 3.5 Shields


You had 5 spell levels left.
You didn't know any spells.
Your spell library was empty.

Dungeon Overview and Level Annotations

Branches:
Dungeon (3/15)

Altars:
Ashenzari
Fedhas


Innate Abilities, Weirdness & Mutations

Your serpentine skin is tough. (AC +2)
You have supernaturally acute eyesight. (SInv)
Armour fits poorly on your strangely shaped body.
Your system is resistant to poisons. (rPois)
You cover ground very slowly.
You can spit poison.
You have a snake-like lower body.
You are frail. (-10% HP)
You are somewhat resistant to further mutation.
Your muscles are strong. (Str +4, Int/Dex -1)


Message History

You kill the orc wizard!
You hit the gnoll but do no damage. You barely miss the goblin.
The gnoll hits you with a +0 club.
* * * LOW HITPOINT WARNING * * *
The goblin completely misses you.
Your Fighting skill increases to level 4!
You completely miss the gnoll. You closely miss the giant cockroach.
You hit the goblin.
You kill the goblin!
The gnoll barely misses you.
The giant cockroach bites you but does no damage.
The gnoll hits you with a +0 club.
* * * LOW HITPOINT WARNING * * *
You block the orc's attack.
You completely miss the orc. You closely miss the gnoll.
You closely miss the orc. You barely miss the giant cockroach.
The giant cockroach bites you but does no damage.
You block the gnoll's attack. You block the orc's attack.
The orc closely misses you. You block the giant cockroach's attack.
You hit the gnoll.
The gnoll is moderately wounded.
You hit the orc.
You completely miss the giant cockroach.
You closely miss the orc. The giant cockroach barely misses you.
The orc hits you with a +0 dagger.
* * * LOW HITPOINT WARNING * * *
The gnoll hits you with a +0 club.
* * * LOW HITPOINT WARNING * * *
You block the orc's attack.
You barely miss the orc.
The orc is heavily wounded.
You closely miss the gnoll. You closely miss the orc.
You hit the giant cockroach but do no damage.
The giant cockroach bites you but does no damage.
The gnoll hits you with a +0 club.
* * * LOW HITPOINT WARNING * * *
The orc barely misses you. The orc closely misses you.
The giant cockroach bites you but does no damage.
You block the orc's attack. The gnoll hits you with a +0 club.
You die...

....###.#.###...........
###.....#......####...#
#####..###..#.........# .
............#.......### ..
#.##...............## #...
#.................## .....
######......>...o.###......
#.. ......##.Bgo)).......
...# #.....###..@o##.......
.####......# ###### .......
##.........# ..o.... .....#
....... ...# #...... ...#
#..... ...# ....# ...# ###
...######## #.##


You could see a gnoll, 3 orcs and a giant cockroach.

Vanquished Creatures
  A scorpion (D:3)
  Jessica (D:2)
  An orc wizard (D:3)
  Terence (D:3)
  2 gnolls (D:3)
  4 adders
  A worm (D:3)
  2 dart slugs
  9 orcs
  5 ball pythons
  2 endoplasms (D:2)
  A giant cockroach (D:1)
  4 goblins
  A hobgoblin (D:2)
  2 jackals (D:2)
  4 quokkas
  2 bats (D:2)
  3 frilled lizards
  4 kobolds (D:1)
  8 rats
58 creatures vanquished.

Vanquished Creatures (others)
  4 fungi (D:3)
  11 plants
15 creatures vanquished.

Grand Total: 73 creatures vanquished

Notes
Turn   | Place    | Note
-------+----------+-------------------------------------------
     0 | D:1      | retardedninja the Naga Fighter began the quest for the Orb.
     0 | D:1      | Reached XP level 1. HP: 21/21 MP: 1/1
   106 | D:1      | Reached XP level 2. HP: 24/28 MP: 2/2
  1036 | D:2      | Reached XP level 3. HP: 34/34 MP: 3/3
  1174 | D:2      | Reached XP level 4. HP: 36/42 MP: 4/4
  1486 | D:2      | Noticed Jessica
  1489 | D:2      | Killed Jessica
  1775 | D:2      | Found a blossoming altar of Fedhas.
  1893 | D:3      | Reached XP level 5. HP: 44/49 MP: 5/5
  1944 | D:3      | Found a broken altar of Ashenzari.
  2028 | D:3      | HP: 1/50 [orc/+0 flail (3)]
  2473 | D:3      | Noticed Terence
  2492 | D:3      | Killed Terence
  2498 | D:3      | Gained mutation: Your muscles are strong. (Str +4, Int/Dex
                  | -1) [potion of mutation]
  2498 | D:3      | Gained mutation: You are frail. (-10% HP) [potion of
                  | mutation]
  2498 | D:3      | Gained mutation: You are somewhat resistant to further
                  | mutation. [potion of mutation]
  2502 | D:3      | Reached XP level 6. HP: 18/51 MP: 6/6
  2506 | D:3      | Slain by a gnoll

Illustrated notes

Levels and vault maps discovered:
D:1:      dpeg_arrival_rhombus, layout_basic, roderic_lattice_a,
          serial_bayou_lake_a
D:2:      layout_basic, basic_altar, uniq_jessica
D:3:      layout_rooms, nemelex_dance_club_becter, nicolae_ashenzari_panopticon,
          dreamdust_ecumenical_altar_hidden_monk_grotto, uniq_terence

Skill      XL: |  1  2  3  4  5  6 |
---------------+-------------------+-----
Shields        | 3 |  3.5
Axes           | 3 4 |  4.1
Armour         | 3 |  3.3
Fighting       | 4 |  4.0

Action                     |  1- 3 |  4- 6 || total
---------------------------+-------+-------++-------
  Melee: War axe           |    61 |    97 ||   158
Ability: Spit Poison       |     7 |     7 ||    14
    Use: Potion            |       |     4 ||     4
 Armour: Scale mail        |    38 |    37 ||    75
  Dodge: Dodged            |    30 |    44 ||    74
  Block: Buckler           |    17 |    28 ||    45

Table legend: (Time is in decaauts)
 A = Elapsed time spent in this place.
 B = Non-inter-level travel time spent in this place.
 C = Inter-level travel time spent in this place.
 D = Time resting spent in this place.
 E = Time spent auto-exploring this place.
 F = Levels seen in this place.
 G = Mean time per level.
                   A        B        C        D        E       F      G
               +--------+--------+--------+--------+--------+-----+--------+
         Total |   3272 |   3120 |    152 |    267 |   2368 |   3 | 1090.7 |
       Dungeon |   3272 |   3120 |    152 |    267 |   2368 |   3 | 1090.7 |
               +--------+--------+--------+--------+--------+-----+--------+

Top non-repeatable levels by time:
     D:1: 1420 daAuts
     D:2: 1179 daAuts
     D:3: 672 daAuts
